 Dungeon Crawl Stone Soup version 0.27-a0-54-g64bdb92e38 (webtiles) character file.

Game seed: 15901476767555179787

60 runemasterragnar the Vexing (level 4, 0/63 HPs)
             Began as an Ogre Arcane Marksman on Jan 7, 2021.
             Succumbed to an adder's poison
             ... on level 2 of the Dungeon.
             The game lasted 00:01:36 (1510 turns).

runemasterragnar the Vexing (Ogre Arcane Marksman)  Turns: 1510, Time: 00:01:37

Health: 0/63       AC: 22    Str: 14    XL:     4   Next: 4%
Magic:  6/6        EV:  1    Int: 15    God:
Gold:   84         SH:  0    Dex:  9    Spells: 5/6 levels left

rFire    . . .     SeeInvis .   h - +1 spear (flame)
rCold    . . .     Faith    .   (no shield)
rNeg     + + +     Spirit   .   (armour currently unavailable)
rPois    +         Reflect  .   (helmet currently unavailable)
rElec    .         Harm     .   (cloak currently unavailable)
rCorr    .         Rampage  .   (gloves unavailable)
Will     .....     NoTele   +   (boots unavailable)
Stlth    +.........             (no amulet)
HPRegen  0.20/turn              (no ring)
MPRegen  0.10/turn              (no ring)

@: lethally poisoned (0 -> -3), tree-form
A: large, unfitting armour
a: no special abilities


You were on level 2 of the Dungeon.
You were a tree.
You visited 1 branch of the dungeon, and saw 2 of its levels.

You collected 84 gold pieces.

Inventory:

Hand Weapons
 f - a +0 hunting sling
 h - a +1 spear of flaming (weapon)
Missiles
 c - 4 large rocks
 d - 2 throwing nets
 g - 7 boomerangs (quivered)
Armour
 a - a +0 robe (melded)
Scrolls
 b - a scroll of enchant weapon {unknown}
 i - a scroll of fog {unknown}
 k - 2 scrolls of teleportation {unknown}
 l - a scroll of identify {unknown}


   Skills:
 + Level 2.2 Fighting
 * Level 2.7 Throwing
 + Level 2.1 Dodging
 + Level 1.8 Spellcasting
 * Level 3.3 Hexes


You had 5 spell levels left.
You knew the following spells:

 Your Spells              Type           Power        Failure   Level
a - Corona                Hex            12%          6%          1

Your spell library contained the following spells:

 Spells                   Type           Power        Failure   Level
 Slow                     Hex            11%          9%          2
 Inner Flame              Hex/Fire       6%           34%         3
 Portal Projectile        Hex/Tloc       12%          34%         3
 Cause Fear               Hex            5%           50%         4
 Leda's Liquefaction      Hex/Erth       3%           75%         4


Dungeon Overview and Level Annotations

Branches:
Dungeon (2/15)

Altars:


Innate Abilities, Weirdness & Mutations

You are too large for most types of armour.
((You have tough skin. (AC +1)))


Message History

You feel sick.
* * * LOW HITPOINT WARNING * * *
You feel sick.
* * * LOW HITPOINT WARNING * * *
You feel sick.
It was a potion of flight.
Your roots keep you in place.
* * * LOW HITPOINT WARNING * * *
You feel sick.
There is a lethal amount of poison in your body!
There is a lethal amount of poison in your body!
* * * LOW HITPOINT WARNING * * *
You feel sick.
* * * LOW HITPOINT WARNING * * *
You feel sick.
* * * LOW HITPOINT WARNING * * *
You feel sick.
* * * LOW HITPOINT WARNING * * *
You feel sick.
There is a lethal amount of poison in your body!
You die...

##### #.#####...#
........#.####
#....S....#
#.###.###.###
#..†♣...#
#####.#.####
#.......#
#.######.......#
#..............#
##+#########.......#
##...## #.......#
##.....## #.......#
##.......##
##.......#


There were no monsters in sight!

Vanquished Creatures
  3 adders (D:2)
  3 dart slugs
  2 leopard geckos (D:2)
  A giant cockroach (D:2)
  4 goblins
  3 jackals (D:2)
  A kobold (D:2)
  4 bats
  A frilled lizard (D:2)
  4 rats
26 creatures vanquished.

Notes
Turn   | Place    | Note
-------+----------+-------------------------------------------
     0 | D:1      | runemasterragnar the Ogre Arcane Marksman began the quest
                  | for the Orb.
     0 | D:1      | Reached XP level 1. HP: 19/19 MP: 2/2
   376 | D:1      | Reached XP level 2. HP: 27/27 MP: 4/4
   785 | D:2      | Reached skill level 3 in Hexes
   998 | D:2      | Reached XP level 3. HP: 7/35 MP: 2/5
  1498 | D:2      | Reached XP level 4. HP: 9/42 MP: 6/6
  1504 | D:2      | HP: 3/63 [poisoned by an adder]
  1506 | D:2      | HP: 1/63 [poisoned by an adder]
  1510 | D:2      | Succumbed to an adder's poison

Illustrated notes

Levels and vault maps discovered:
D:1:      dpeg_arrival_rooms_c, layout_loops_ring
D:2:      layout_loops_corners

Skill      XL: |  1  2  3 |
---------------+----------+-----
Hexes          | 3 |  3.3
Dodging        | 2 |  2.1
Fighting       | 2 |  2.2
Throwing       | |  2.7
Spellcasting   | |  1.8

Action                   |  1- 3 |  4- 6 || total
-------------------------+-------+-------++-------
Melee: Spear             |    86 |       ||    86
Throw: Boomerang         |     2 |       ||     2
 Cast: Corona            |     2 |       ||     2
  Use: Potion            |     4 |     1 ||     5
 Stab: Sleeping          |     1 |       ||     1
Armor: Robe              |    15 |       ||    15
       Skin              |     3 |       ||     3
Dodge: Dodged            |    37 |       ||    37

Table legend: (Time is in decaauts)
 A = Elapsed time spent in this place.
 B = Non-inter-level travel time spent in this place.
 C = Inter-level travel time spent in this place.
 D = Time resting spent in this place.
 E = Time spent auto-exploring this place.
 F = Levels seen in this place.
 G = Mean time per level.
                   A        B        C        D        E       F      G
               +--------+--------+--------+--------+--------+-----+--------+
         Total |   1518 |   1500 |     18 |     55 |   1210 |   2 |  759.0 |
       Dungeon |   1518 |   1500 |     18 |     55 |   1210 |   2 |  759.0 |
               +--------+--------+--------+--------+--------+-----+--------+

Top non-repeatable levels by time:
     D:2: 817 daAuts
     D:1: 700 daAuts
